 Dungeon Crawl Stone Soup version 0.21.2 (webtiles) character file.

55598 glosham the Brawler (level 14, -1/133 HPs)
             Began as a Troll Abyssal Knight on Dec 15, 2018.
             Was the Champion of Lugonu.
             Slain by a salamander
             ... wielding a +0 trident
              (7 damage)
             ... on level 2 of the Snake Pit on Dec 18, 2018.
             The game lasted 04:50:05 (8124 turns).

glosham the Brawler (Troll Abyssal Knight)          Turns: 8124, Time: 04:50:05

Health: -1/133     AC:  9    Str: 25    XL:     14   Next: 38%
Magic:  10/21      EV: 17    Int: 12    God:    Lugonu [******]
Gold:   163        SH:  7    Dex: 10    Spells: 7/21 levels left

rFire    + . .     SeeInvis .     - Unarmed
rCold    . . .     Gourm    +   (shield currently unavailable)
rNeg     . . .     Faith    .   R - +0 troll leather armour
rPois    +         Spirit   .   (helmet restricted)
rElec    +         Reflect  +   Y - +1 cloak of Starlight {rElec rC+ EV+4 Stlth--}
rCorr    .         Harm     .   (gloves unavailable)
MR       +....     Rnd*Rage +   (boots unavailable)
Stlth    ..........             z - amulet of Xeddonea {Reflect rPois rF+ rC- Slay+3 SH+3}
HPRegen  1.12/turn              A - ring of wizardry
MPRegen  0.17/turn              B - +3 ring of intelligence

@: blade hands (expiring)
A: large, unfitting armour, claws 3, horns 1, large bone plates 1, berserk 1,
blurry vision 1, fast metabolism 3, gourmand, high mp 1, regeneration 1, shaggy
fur 1, tough skin 2
a: End Transformation, Depart the Abyss, Bend Space, Banish, Corrupt, Enter the
Abyss, Renounce Religion


You were on level 2 of the Snake Pit.
You worshipped Lugonu.
Lugonu was exalted by your worship.
You were very full.
You had blades for hands.
You visited 4 branches of the dungeon, and saw 21 of its levels.
You visited the Abyss 1 time.
You also visited: Volcano.

You collected 2063 gold pieces.
You spent 1900 gold pieces at shops.

Inventory:

Hand Weapons
 b - a +9 hand axe of distortion
 c - a +0 blowgun
Missiles
 d - 154 arrows
 e - a throwing net
 f - 27 tomahawks
 i - 13 tomahawks of returning
 j - 3 poisoned tomahawks (quivered)
 k - 5 exploding tomahawks
 m - 43 sling bullets
Armour
 D - a +2 robe of fire resistance
 I - a +2 robe of cold resistance
 R - a +0 troll leather armour (worn)
 X - a +2 robe of magic resistance
 Y - the +1 cloak of Starlight (worn) {rElec rC+ EV+4 Stlth--}
   (You bought it in a shop on level 7 of the Dungeon)

   It affects your evasion (+4).
   It protects you from cold.
   It insulates you from electricity.
   It makes you much less stealthy.
 Z - a +2 large shield
Jewellery
 z - the amulet of Xeddonea (around neck) {Reflect rPois rF+ rC- Slay+3 SH+3}
   (You bought it in a shop on level 2 of the Orcish Mines)

   [amulet of reflection]

   It shields you and reflects attacks.
   It affects your accuracy and damage with ranged weapons and melee attacks
   (+3).
   It protects you from fire.
   It makes you vulnerable to cold.
   It protects you from poison.
   It affects your SH (+3).
 A - a ring of wizardry (left scythe-like blade)
 B - a +3 ring of intelligence (right scythe-like blade)
 M - an uncursed ring of protection from magic
 S - an uncursed ring of resist corrosion
Wands
 g - a wand of digging (16)
 h - a wand of flame (34)
 u - a wand of clouds (4)
 v - a wand of disintegration (13)
Scrolls
 l - 3 scrolls of blinking
 n - 2 scrolls of fear
 o - 2 scrolls of remove curse
 p - 4 scrolls of identify
 y - 2 scrolls of magic mapping
 E - a scroll of immolation
 G - a scroll of amnesia
 H - a scroll of teleportation
Potions
 q - 2 potions of lignification
 r - 2 potions of curing
 s - a potion of agility
 w - 2 potions of heal wounds
Books
 x - a book of Enchantments

   Spells                             Type                      Level
   a - Cause Fear                     Hexes                        4
   b - Yara's Violent Unravelling     Hexes/Transmutation          5
   c - Silence                        Hexes/Air                    5
   d - Deflect Missiles               Charms/Air                   6
   e - Discord                        Hexes                        8
 C - a book of Fire

   Spells                             Type                      Level
   a - Ignite Poison                  Fire/Transmutation/Poison    3
   b - Fireball                       Conjuration/Fire             5
   c - Bolt of Fire                   Conjuration/Fire             6
   d - Ring of Flames                 Charms/Fire                  7
   e - Ignition                       Fire                         8
 F - a book of Cantrips

   Spells                             Type                      Level
   a - Confusing Touch                Hexes                        1
   b - Animate Skeleton               Necromancy                   1
   c - Summon Small Mammal            Summoning                    1
   d - Apportation                    Translocation                1
Comestibles
 a - 18 rations
 t - 2 chunks of flesh


   Skills:
 + Level 7.0 Fighting
 * Level 8.7 Dodging
 * Level 15.3 Unarmed Combat
 - Level 4.0 Spellcasting
 - Level 10.0 Transmutations
 - Level 6.3 Invocations


You had 7 spell levels left.
You knew the following spells:

 Your Spells              Type           Power        Failure   Level  Hunger
a - Apportation           Tloc           #.....       36%         1    #......
x - Blade Hands           Tmut           ####......   22%         5    ######.
z - Beastly Appendage     Tmut           ####..       4%          1    #......
A - Animate Skeleton      Necr           N/A          36%         1    #......
C - Ice Form              Ice/Tmut       ##......     41%         4    #####..
S - Sticks to Snakes      Tmut           ####....     5%          2    ##.....


Dungeon Overview and Level Annotations

Branches:
Dungeon (11/15)            Temple (0/1) D:6            Lair (5/6) D:8
  Swamp (0/4) Lair:4        Snake (3/4) Lair:3        Slime (0/5) Lair:5
    Orc (2/2) D:11            Elf (0/3) Orc:2

Altars:
Jiyva

Shops:
D:7 [?*[=   Orc:2 ([=*   Snake:2 =}}

Annotations:
Orc:2 corrupted


Innate Abilities, Weirdness & Mutations

You are too large for most types of armour.
You have claws for hands.
Your metabolism is lightning-fast.
You like to eat raw meat.
Your natural rate of healing is unusually fast.
You are covered in fur. (AC +1)
You have very tough skin. (AC +2)
You have a pair of small horns on your head.
You are partially covered in large bone plates. (SH +4)
You tend to lose your temper in combat.
Scrolls take you a little longer to read.
You have an increased reservoir of magic. (+10% MP)


Message History

Lugonu accepts your kill.
Your Fighting skill increases to level 7!
You hit the black mamba. You slash the black mamba!
The black mamba is moderately wounded.
The black mamba completely misses you.
You barely miss the black mamba. Your headbutt misses the black mamba.
The black mamba is moderately wounded.
The black mamba bites you! The black mamba completely misses you.
The salamander hits you from afar with a trident.
You are engulfed in flames.
You resist.
* * * LOW HITPOINT WARNING * * *
You hit the black mamba.
The black mamba is moderately wounded.
The black mamba closely misses you. The salamander closely misses you.
You barely miss the black mamba. Your headbutt misses the black mamba.
The black mamba is moderately wounded.
The black mamba closely misses you.
You hear a distant blaring wail to the southwest.
The black mamba closely misses you.
You hit the black mamba but do no damage.
Your slash misses the black mamba.
The black mamba is moderately wounded.
You block the black mamba's attack. You block the salamander's attack.
You slice the black mamba!!
You headbutt the black mamba, but do no damage.
The black mamba is almost dead.
The black mamba bites you.
* * * LOW HITPOINT WARNING * * *
The salamander hits you from afar with a trident.
* * * LOW HITPOINT WARNING * * *
You are engulfed in flames.
You resist.
* * * LOW HITPOINT WARNING * * *
You slice the black mamba!!
You kill the black mamba!
Lugonu accepts your kill.
Your transformation is almost over.
The salamander hits you with a trident!
* * * LOW HITPOINT WARNING * * *
You are engulfed in flames!
You resist.
You die...

## #(# #.# ### ### ### ####.
.... ##.# ##.# ##.###
....##..# #..### #...#
........# #..).## ##...##
........####@....# ##...<.#
....?....))N.##..#####....[..
...........#####.....(....<..
........(### ##.........>..
....[....(## ######....)[.
.........).# ♣♣♣♣♣#.......
....#####...# ♣♣.P.♣#.......
.... #....#♣♣.∩.P♣#....... N.
..#..#♣P....♣##......


You could see a salamander.

Vanquished Creatures
  A nagaraja (Snake:2)
  Harold (Orc:1)
  5 anacondas
  3 two-headed ogres
  The ghost of TheNamelessOne the Geomancer, a journeyman OpNe of Vehumet (D:10)
  4 naga sharpshooters
  5 shock serpents
  A salamander mystic (Snake:2)
  4 naga ritualists
  A glowing orange brain (Abyss:1)
  2 orc knights (Orc:1)
  4 mana vipers
  An orc sorcerer (Orc:2)
  4 salamanders
  19 black mambas
  A guardian serpent (Snake:1)
  7 naga magi
  3 elephants
  A torpor snail (Lair:4)
  5 spiny frogs
  7 komodo dragons (Lair:3)
  4 trolls
  A queen bee (D:8)
  Prince Ribbit (D:9)
  5 blink frogs (Lair:4)
  A dream sheep (Lair:2)
  2 hippogriffs
  A wyvern (Lair:3)
  A fire bat (Orc:2)
  35 yaks
  A fire elemental (Volcano)
  29 nagas
  A warg (Orc:2)
  6 swamp worms (Lair:4)
  4 porcupines
  6 water moccasins
  An ice beast (D:6)
  12 orc warriors
  A sky beast (D:9)
  36 wolves
  4 ogres
  2 centaurs
  7 crocodiles
  A big kobold (D:7)
  10 bullfrogs
  A small abomination (Abyss:1)
  An earth elemental (Volcano)
  A wyvern zombie (D:7)
  3 scorpions
  23 killer bees
  4 wights
  4 electric eels
  2 howler monkeys
  3 crimson imps
  6 hounds
  A bullfrog zombie (D:10)
  2 jellies
  7 orc priests
  11 orc wizards
  2 iguanas
  Natasha (D:2)
  8 worker ants
  Robin (D:2)
  A howler monkey skeleton (D:10)
  4 gnolls
  3 adders
  A worm (D:2)
  5 dart slugs
  3 leopard geckos
  32 orcs
  3 giant cockroaches
  6 hobgoblins
  4 jackals (D:4)
  3 quokkas
  A ball python zombie (D:5)
  A bat (D:3)
  3 frilled lizards
  11 goblins
  8 kobolds
  5 rats
  A fungus (Lair:1)
  A plant (Lair:1)
429 creatures vanquished.

Vanquished Creatures (collateral kills)
  A komodo dragon (Lair:3)
  A yak (Lair:3)
2 creatures vanquished.

Vanquished Creatures (others)
  An orc warlord (Orc:2)
  A two-headed ogre (Orc:2)
  4 orc knights (Orc:2)
  The ghost of tidbits the Covert, a novice FeEn of Cheibriados (Orc:2)
  3 orc sorcerers (Orc:2)
  2 trolls (Orc:2)
  2 fire bats (Orc:2)
  A warg (Orc:2)
  16 orc warriors (Orc:2)
  3 ogres (Orc:2)
  3 orc wizards (Orc:2)
  4 orc priests (Orc:2)
  14 orcs (Orc:2)
  16 fungi
  A plant (Lair:4)
  14 starspawn tentacles
86 creatures vanquished.

Grand Total: 517 creatures vanquished

Notes
Turn   | Place    | Note
-------+----------+-------------------------------------------
     0 | Abyss:1  | glosham the Troll Abyssal Knight began the quest for the Orb.
     0 | Abyss:1  | Reached XP level 1. HP: 22/22 MP: 1/1
    34 | Abyss:1  | Noticed a glowing orange brain
    41 | Abyss:1  | Noticed a small abomination
    57 | Abyss:1  | Killed a small abomination
    57 | Abyss:1  | Reached skill level 4 in Unarmed Combat
    57 | Abyss:1  | Reached XP level 2. HP: 11/29 MP: 2/2
    57 | Abyss:1  | Reached XP level 3. HP: 14/36 MP: 3/3
    58 | Abyss:1  | Noticed a small abomination
    63 | Abyss:1  | Noticed a tentacled starspawn
    66 | Abyss:1  | Killed a glowing orange brain
    66 | Abyss:1  | Reached skill level 7 in Unarmed Combat
    66 | Abyss:1  | Reached XP level 4. HP: 16/44 MP: 4/4
    66 | Abyss:1  | Reached XP level 5. HP: 19/50 MP: 5/5
    66 | Abyss:1  | Reached XP level 6. HP: 22/59 MP: 6/6
    68 | Abyss:2  | Found a corrupted altar of Lugonu.
    88 | Abyss:2  | Noticed a ynoxinul
   151 | Abyss:2  | Noticed a bone dragon
   202 | Abyss:2  | HP: 4/59 [bone dragon (9)]
   235 | Abyss:2  | Noticed a wretched star
   248 | Abyss:2  | Noticed a thrashing horror
   250 | D:1      | Escaped the Abyss
   297 | D:1      | Reached * piety under Lugonu
   307 | D:1      | Reached XP level 7. HP: 66/66 MP: 7/7
   361 | D:2      | Noticed Robin
   383 | D:2      | Killed Robin
   586 | D:2      | Noticed Natasha
   592 | D:2      | Killed Natasha
   592 | D:2      | Reached skill level 8 in Unarmed Combat
   907 | D:3      | Reached ** piety under Lugonu
  1010 | D:5      | Entered Level 5 of the Dungeon
  1058 | D:6      | Reached skill level 9 in Unarmed Combat
  1166 | D:6      | Reached XP level 8. HP: 48/74 MP: 8/8
  1178 | D:6      | Found a staircase to the Ecumenical Temple.
  1363 | D:6      | You fall through a shaft for 2 floors!
  1397 | D:8      | Noticed a two-headed ogre
  1418 | D:8      | Killed a two-headed ogre
  1418 | D:8      | Reached skill level 11 in Unarmed Combat
  1477 | D:8      | Found a staircase to the Lair.
  1593 | Lair:1   | Entered Level 1 of the Lair of Beasts
  1610 | Lair:1   | HP: 5/74 [electric eel/bolt of electricity (9)]
  1646 | Lair:1   | HP: 3/74 [yak (14)]
  1660 | Lair:1   | Reached XP level 9. HP: 12/80 MP: 9/9
  1686 | Lair:1   | Gained mutation: You are partially covered in large bone plates. (SH +4) [potion of mutation]
  1686 | Lair:1   | Gained mutation: You have sharp toenails. [potion of mutation]
  1686 | Lair:1   | Gained mutation: Armour fits poorly on your strangely shaped body. [potion of mutation]
  1686 | Lair:1   | Gained mutation: Your spells are a little harder to cast, but a little more powerful. [potion of mutation]
  1691 | Lair:1   | Reached *** piety under Lugonu
  1736 | Lair:1   | Reached skill level 2 in Dodging
  1745 | Lair:1   | Noticed a spiny frog
  1757 | Lair:1   | Killed a spiny frog
  1757 | Lair:1   | Reached skill level 12 in Unarmed Combat
  1757 | Lair:1   | Reached skill level 2 in Invocations
  1830 | Lair:1   | Reached skill level 3 in Invocations
  1834 | Lair:1   | Reached skill level 3 in Fighting
  2034 | Lair:1   | Reached skill level 3 in Dodging
  2034 | Lair:1   | Reached skill level 4 in Invocations
  2052 | Lair:1   | Reached XP level 10. HP: 49/91 MP: 12/12
  2204 | Lair:1   | Learned a level 1 spell: Beastly Appendage
  2209 | Lair:1   | Learned a level 4 spell: Ice Form
  2322 | D:7      | Found Sylefaw's Antique Armour Shop.
  2328 | D:7      | Bought a cloak for 103 gold pieces
  2346 | D:6      | Reached skill level 1 in Transmutations
  2368 | D:6      | Learned a level 5 spell: Blade Hands
  2414 | D:7      | Found Xewn's Jewellery Emporium.
  2533 | D:7      | Found Atwy's Antique Armour Shop.
  2621 | D:8      | Reached skill level 1 in Spellcasting
  2621 | D:8      | Reached skill level 2 in Transmutations
  2632 | D:8      | Reached **** piety under Lugonu
  2654 | D:8      | Reached skill level 3 in Transmutations
  2710 | D:8      | Reached skill level 4 in Transmutations
  2714 | D:8      | HP: 9/92 [killer bee (2)]
  2774 | D:7      | Found Udweudgh's General Store.
  3057 | D:7      | Found Uthedoaho's Magic Scroll Emporium.
  3281 | D:9      | Noticed Prince Ribbit
  3285 | D:9      | Reached skill level 5 in Transmutations
  3291 | D:9      | Reached skill level 2 in Spellcasting
  3301 | D:9      | Killed Prince Ribbit
  3312 | D:9      | Lost mutation: You have sharp toenails. [potion of mutation]
  3312 | D:9      | Lost mutation: Your spells are a little harder to cast, but a little more powerful. [potion of mutation]
  3312 | D:9      | Gained mutation: Scrolls take you a little longer to read. [potion of mutation]
  3312 | D:9      | Gained mutation: You are agile. (Dex +2) [potion of mutation]
  3399 | D:10     | Entered Level 10 of the Dungeon
  3410 | D:10     | Noticed TheNamelessOne's ghost (journeyman OpNe)
  3413 | D:10     | Killed TheNamelessOne's ghost
  3413 | D:10     | Reached skill level 6 in Transmutations
  3413 | D:10     | Reached XP level 11. HP: 83/98 MP: 6/13
  3432 | D:10     | Reached ***** piety under Lugonu
  3487 | D:10     | Noticed a two-headed ogre
  3497 | D:10     | Killed a two-headed ogre
  3497 | D:10     | Reached skill level 7 in Transmutations
  3530 | D:10     | Learned a level 2 spell: Sticks to Snakes
  3645 | D:11     | Found a staircase to the Orcish Mines.
  3651 | Orc:1    | Entered Level 1 of the Orcish Mines
  3692 | Orc:2    | Entered Level 2 of the Orcish Mines
  3692 | Orc:2    | Noticed an orc sorcerer
  3693 | Orc:2    | Corrupted Orc:2
  3693 | Orc:2    | Noticed a tentacled starspawn
  3693 | Orc:2    | Noticed a green very ugly thing
  3693 | Orc:2    | Noticed a green draconian
  3693 | Orc:2    | Noticed a thrashing horror
  3693 | Orc:2    | Noticed a thrashing horror
  3693 | Orc:2    | Noticed a tentacled starspawn
  3693 | Orc:2    | Noticed a starcursed mass
  3693 | Orc:2    | Noticed a great orb of eyes
  3693 | Orc:2    | Noticed a glowing orange brain
  3694 | Orc:2    | Noticed a black draconian annihilator
  3695 | Orc:2    | Killed an orc sorcerer
  3696 | Orc:2    | Noticed an eidolon
  3697 | Orc:2    | Noticed an orc knight
  3697 | Orc:2    | Noticed a glowing orange brain
  3701 | Orc:2    | Found a staircase to the Elven Halls.
  3701 | Orc:2    | Killed an orc knight
  3703 | Orc:2    | Killed an orc sorcerer
  3704 | Orc:2    | Noticed a deep elf mage
  3707 | Orc:2    | Noticed a soul eater
  3708 | Orc:2    | Killed tidbits's ghost
  3712 | Orc:2    | Killed an orc knight
  3719 | Orc:2    | Noticed a hell hog
  3726 | Orc:2    | Killed a two-headed ogre
  3734 | Orc:2    | Killed an orc sorcerer
  3737 | Orc:2    | Found Sokhouca's General Store.
  3737 | Orc:2    | Killed an orc knight
  3739 | Orc:2    | Killed an orc warlord
  3746 | Orc:2    | Noticed an orc knight
  3747 | Orc:2    | Noticed a starcursed mass
  3748 | Orc:2    | Killed an orc sorcerer
  3749 | Orc:2    | Killed an orc knight
  3774 | Orc:2    | Found a dark tunnel.
  3799 | Volcano  | Entered a volcano
  3876 | Orc:2    | Found Aluon's Jewellery Emporium.
  3917 | Orc:2    | Found Lifukh's Antique Armour Shop.
  4091 | Orc:2    | Found Boxkal's Antique Weapon Boutique.
  4354 | Orc:2    | Reached skill level 8 in Transmutations
  4503 | Orc:1    | Noticed an orc knight
  4523 | Orc:1    | Killed an orc knight
  4523 | Orc:1    | Reached skill level 3 in Spellcasting
  4530 | Orc:1    | Noticed a two-headed ogre
  4536 | Orc:1    | Killed a two-headed ogre
  4597 | Orc:1    | Noticed Harold
  4603 | Orc:1    | HP: 1/98 [Harold/battleaxe (19)]
  4608 | Orc:1    | Killed Harold
  4608 | Orc:1    | Reached skill level 9 in Transmutations
  4674 | Orc:1    | Noticed an orc knight
  4720 | Orc:1    | Killed an orc knight
  4934 | Orc:2    | Bought the amulet of Xeddonea {Reflect rPois rF+ rC- Slay+3 SH+3} for 513 gold pieces
  5099 | D:7      | Bought the +1 cloak of Starlight {rElec rC+ EV+4 Stlth--} for 934 gold pieces
  5099 | D:7      | Found the +1 cloak of Starlight {rElec rC+ EV+4 Stlth--}
  5244 | Lair:2   | Reached XP level 12. HP: 56/107 MP: 7/15
  5400 | Lair:3   | Reached skill level 4 in Fighting
  5400 | Lair:3   | Reached skill level 5 in Invocations
  5436 | Lair:3   | HP: 6/107 [komodo dragon (10)]
  5555 | Lair:3   | Reached skill level 13 in Unarmed Combat
  5653 | Lair:3   | Found a staircase to the Snake Pit.
  5668 | Lair:3   | Reached skill level 4 in Dodging
  5797 | Lair:2   | HP: 9/109 [wolf (8)]
  5894 | Lair:2   | Lost mutation: You are agile. (Dex +2) [potion of mutation]
  5894 | Lair:2   | Lost mutation: Scrolls take you a little longer to read. [potion of mutation]
  5894 | Lair:2   | Lost mutation: Armour fits poorly on your strangely shaped body. [potion of mutation]
  5894 | Lair:2   | Gained mutation: You tend to lose your temper in combat. [potion of mutation]
  5894 | Lair:2   | Gained mutation: You have a pair of small horns on your head. [potion of mutation]
  5894 | Lair:2   | Gained mutation: Scrolls take you a little longer to read. [potion of mutation]
  5894 | Lair:2   | Gained mutation: You have an increased reservoir of magic. (+10% MP) [potion of mutation]
  6125 | Lair:4   | Reached skill level 5 in Dodging
  6724 | Lair:4   | Reached skill level 5 in Fighting
  6724 | Lair:4   | Reached skill level 6 in Invocations
  6730 | Lair:4   | Reached XP level 13. HP: 97/118 MP: 15/19
  6803 | Lair:5   | Reached skill level 4 in Spellcasting
  6837 | Lair:5   | Found a viscous altar of Jiyva.
  6838 | Lair:5   | Found a staircase to the Slime Pits.
  6937 | Lair:4   | Found a staircase to the Swamp.
  7053 | Snake:1  | Entered Level 1 of the Snake Pit
  7070 | Snake:1  | Reached ****** piety under Lugonu
  7073 | Snake:1  | Identified a +9 hand axe of distortion (a +7 hand axe of electrocution corrupted by Lugonu)
  7073 | Snake:1  | Received a gift from Lugonu
  7097 | Snake:1  | Reached skill level 6 in Dodging
  7163 | Snake:1  | Reached skill level 14 in Unarmed Combat
  7163 | Snake:1  | Reached skill level 10 in Transmutations
  7325 | Snake:1  | Reached skill level 7 in Dodging
  7327 | Snake:1  | Reached skill level 6 in Fighting
  7657 | Snake:2  | Noticed a nagaraja
  7662 | Snake:2  | Killed a nagaraja
  7689 | Snake:2  | Reached XP level 14. HP: 71/131 MP: 14/21
  7706 | Snake:2  | Reached skill level 8 in Dodging
  7718 | Snake:2  | Reached skill level 15 in Unarmed Combat
  7720 | Snake:2  | HP: 7/196 [black mamba (18)]
  7725 | Snake:2  | HP: 7/196 [naga/hand axe (1)]
  7733 | Snake:2  | HP: 8/131 [poisoned by a naga (splash of poison)]
  7766 | Snake:2  | Learned a level 1 spell: Animate Skeleton
  7768 | Snake:2  | Learned a level 1 spell: Apportation
  7883 | Snake:2  | Found Zargh's Jewellery Boutique.
  7883 | Snake:2  | Found Lulam's Gadget Shoppe.
  7884 | Snake:2  | Found Ytuhoe's Gadget Shoppe.
  7895 | Snake:2  | Bought an uncursed ring of protection from magic for 350 gold pieces
  8114 | Snake:2  | Reached skill level 7 in Fighting
  8124 | Snake:2  | HP: 6/133 [salamander/trident (16)]
  8124 | Snake:2  | Slain by a salamander

Skill      XL: |  1  2  3  4  5  6  7  8  9 10 11 12 13 14 |
---------------+-------------------------------------------+-----
Unarmed Combat | 4 7 9 11 12 13 14 15 | 15.3
Dodging        | 3 5 7 8 |  8.7
Invocations    | 4 6 |  6.3
Fighting       | 3 5 6 7 |  7.0
Transmutations | 6 9 10 | 10.0
Spellcasting   | 2 3 4 |  4.0

Action                   |  1- 3 |  4- 6 |  7- 9 | 10-12 | 13-15 || total
-------------------------+-------+-------+-------+-------+-------++-------
Melee: Unarmed           |    14 |    10 |   267 |   548 |   241 ||  1080
       Punch             |     1 |       |     6 |    32 |    12 ||    51
       Kick              |       |       |    12 |    30 |       ||    42
       Headbutt          |       |       |       |    29 |    39 ||    68
Throw: Tomahawk          |       |       |    17 |       |       ||    17
 Cast: Beastly Appendage |       |       |       |    22 |       ||    22
       Blade Hands       |       |       |       |    46 |    34 ||    80
       Ice Form          |       |       |       |     1 |       ||     1
Invok: Depart the Abyss  |       |     1 |       |       |       ||     1
       Bend Space        |       |       |       |    10 |       ||    10
       Corrupt           |       |       |       |     1 |       ||     1
       Brand Weapon With |       |       |       |       |     1 ||     1
 Abil: End Transformatio |       |       |       |       |     6 ||     6
Evoke: Wand              |       |       |     6 |    11 |    10 ||    27
  Use: Potion            |       |     1 |     2 |     7 |     1 ||    11
       Scroll            |       |       |     8 |    13 |     3 ||    24
 Stab: Sleeping          |       |     1 |     3 |       |       ||     4
       Distracted        |       |       |       |     1 |       ||     1
  Eat: Chunk             |       |     3 |    20 |    61 |    29 ||   113
Armor: Robe              |     7 |     4 |    16 |   100 |    30 ||   157
       Animal skin       |       |       |    43 |       |       ||    43
       Skin              |       |       |       |     3 |       ||     3
       Troll leather arm |       |       |       |       |     6 ||     6
Dodge: Dodged            |    12 |     5 |   116 |   228 |   102 ||   463
Block: Other             |       |       |     4 |    95 |    50 ||   149

Table legend:
 A = Turns spent in this place as a percentage of turns spent in the entire game.
 B = Non-inter-level travel turns spent in this place as a percentage of non-inter-level travel turns spent in the entire game.
 C = Inter-level travel turns spent in this place as a percentage of turns spent in this place.
 D = Turns resting spent in this place as a percentage of non-inter-level travel turns spent in this place.
 E = Turns spent auto-exploring this place as a percentage of non-inter-level travel turns spent in this place.
 F = Non-inter-level travel turns spent in this place divided by the number of levels of this place that you've seen.
                   A       B       C       D       E      F
               +-------+-------+-------+-------+-------+----------------------
         Total | 100.0 | 100.0 |   5.0 |   0.6 |   0.0 | 321.6
       Dungeon |  36.7 |  35.6 |   7.9 |   0.0 |   0.0 | 249.9
          Lair |  30.6 |  31.2 |   3.2 |   0.0 |   0.0 | 482.2
     Snake Pit |  13.2 |  13.6 |   2.2 |   4.2 |   0.0 | 349.0
  Orcish Mines |  16.1 |  16.1 |   5.2 |   0.0 |   0.0 | 619.5
         Abyss |   3.1 |   3.2 |   0.0 |   0.0 |   0.0 | 125.0
       Volcano |   0.3 |   0.3 |   0.0 |   0.0 |   0.0 |  22.0
               +-------+-------+-------+-------+-------+----------------------

Table legend:
 A = Kills in this place as a percentage of kills in entire the game.
 B = Kills by you in this place as a percentage of kills by you in the entire game.
 C = Kills by friends in this place as a percentage of kills by friends in the entire game.
 D = Other kills in this place as a percentage of other kills in the entire game.
 E = Experience gained in this place as a percentage of experience gained in the entire game.
 F = Experience gained in this place divided by the number of levels of this place that you have seen.
                   A       B       C       D       E      F
               +-------+-------+-------+-------+-------+----------------------
         Total | 100.0 | 100.0 | 100.0 | 100.0 | 100.0 | 3309.4
       Dungeon |  39.6 |  40.0 |   0.0 |   0.0 |  12.3 | 889.2
          Lair |  29.9 |  29.7 | 100.0 |   0.0 |  29.5 | 4693.8
     Snake Pit |  18.3 |  18.5 |   0.0 |   0.0 |  47.5 | 12562.7
  Orcish Mines |  11.3 |  10.8 |   0.0 | 100.0 |   9.4 | 3746.5
         Abyss |   0.5 |   0.5 |   0.0 |   0.0 |   0.9 | 362.5
       Volcano |   0.5 |   0.5 |   0.0 |   0.0 |   0.3 | 270.0
               +-------+-------+-------+-------+-------+----------------------

Vault maps used:
D:1:      dpeg_arrival_connections
D:2:      uniq_terence, uniq_robin, uniq_natasha
D:4:      serial_shops, shop_fountains, first_ration, uniq_grinder
D:5:      eat_drink_and_be_merry_uskayaw
D:6:      minmay_temple_entry_trees, st_stairs_5, kennysheep_generic_room_11
D:7:      serial_shops, nicolae_shop_stone, shop, shop, nicolae_shop_crystal,
          nicolae_shop_waterfront
D:8:      lair_entry_dummy, david_nohive_1, nicolae_ru_sacrificial_ziggurat,
          uniq_erica
D:9:      uniq_erolcha, uniq_prince_ribbit1
D:11:     orc_0_dummy, hangedman_corner_corridor, uniq_gastronok
Lair:1:   minivault_25, serial_bayou_lake_a
Lair:2:   grunt_forest_large_clearings, serial_bayou_shore_b,
          grunt_megastairs_5, serial_bayou_shore_b, infiniplex_staircase_pool_2
Lair:3:   guppyfry_snake_entry_garden, beast_lair_carwin_8
Lair:4:   nicolae_swamp_entry_splash_gauntlet
Lair:5:   hangedman_what_comes_after_a, slime_altar_1, st_stairs_5,
          grunt_forest_stairs_basic, lemuel_centaur_altar, lemuel_fruit_fields
Snake:1:  spider_trap
Snake:2:  grunt_ministairs_10, st_stairs_9, spider_trap, minmay_shop_grove
Snake:3:  lemuel_fruit_tree
Orc:1:    uniq_harold
Orc:2:    grunt_orc_gardens, grunt_orc_garden, grunt_orc_garden,
          grunt_orc_garden, grunt_orc_garden, nicolae_volcano_entry_batcave
Volcano:  volcano_caves
